 Dungeon Crawl Stone Soup version 0.22-a0-113-gdd6f4a9 (webtiles) character file.

72 Gigax the Insei (level 4, -3/31 HPs)
             Began as an Octopode Monk on Jan 28, 2018.
             Slain by wintastic's ghost (13 damage)
             ... on level 3 of the Dungeon.
             The game lasted 00:03:38 (2146 turns).

Gigax the Insei (Octopode Monk)                     Turns: 2146, Time: 00:03:38

Health: -3/31      AC:  1    Str: 16    XL:     4   Next: 25%
Magic:  4/4        EV: 14    Int: 12    God:
Gold:   129        SH:  0    Dex: 14    Spells: 3/3 levels left

rFire    . . .     SeeInvis .     - Unarmed
rCold    . . .     Gourm    .   (no shield)
rNeg     . . .     Faith    .   (helmet restricted)
rPois    .         Spirit   .   (no amulet)
rElec    .         Reflect  .   (no ring)
rCorr    .         Harm     .   (no ring)
MR       .....                  (no ring)
Stlth    +++.......             (no ring)
HPRegen  0.10/turn              (no ring)
MPRegen  0.09/turn              (no ring)
                                (no ring)
                                (no ring)

@: mighty
A: almost no armour, stealthy swim, amphibious, 8 rings, constrict 8, camouflage
1, gelatinous body 1
a: no special abilities


You were on level 3 of the Dungeon.
You were not hungry.

You visited 1 branch of the dungeon, and saw 3 of its levels.

You collected 129 gold pieces.

Inventory:

Wands
 j - a wand of polymorph (16)
Scrolls
 b - a scroll of amnesia
 e - a scroll of fear
Potions
 c - 2 potions of flight
 d - a potion of brilliance
 g - a potion of magic
 h - a potion of resistance {unknown}
 i - a potion of agility {unknown}
Comestibles
 a - 10 rations


   Skills:
 - Level 3.0 Fighting
 + Level 3.5 Dodging
 - Level 2.6 Stealth
 * Level 4.5 Unarmed Combat


You had 3 spell levels left.
You didn't know any spells.

Dungeon Overview and Level Annotations

Branches:
Dungeon (3/15)

Altars:
Ru

Annotations:
D:3 wintastic's ghost, amateur MfSk


Innate Abilities, Weirdness & Mutations

You cannot wear most types of armour.
You are very stealthy in the water. (Stealth+)
You are amphibious.
You can wear up to eight rings at the same time.
You can use your tentacles to constrict eight enemies at once.
Your skin changes colour to match your surroundings (Stealth+).
Your rubbery body absorbs attacks. (AC +1, EV +1)


Message History

There is an open door here.
Wintastic's ghost turns its malevolent gaze towards you.
Wintastic's ghost casts a spell.
Space distorts along a thin shroud covering wintastic's ghost's form.
Found a stone staircase leading down.
Wintastic's ghost hits you!
Huge Dmg: -35%(-11hp) hp: 65%(20hp)
You barely miss wintastic's ghost.
Wintastic's ghost hits you but does no damage.
You closely miss wintastic's ghost. Wintastic's ghost hits you.
Dmg: -13%(-4hp) hp: 52%(16hp)
You batter wintastic's ghost!!
You squeeze wintastic's ghost, but do no damage.
Wintastic's ghost is heavily damaged.
Wintastic's ghost hits you.
Huge Dmg: -19%(-6hp) hp: 33%(10hp)
You bludgeon wintastic's ghost!
Wintastic's ghost is severely damaged.
Wintastic's ghost hits you!
You die...

#. #.# #. #.# ##'## #.#
##...## #.# ##.....##
####.# ##.......##
##.##.#
##....W....####...#.####
.'.....@...'............
##.........####...#.####
##>......## ##.##.##
##.?...## ###.#.##
#.$.... #.###.# #.#'###.
##.#.## #.#. #.. #..##
#.#. #.# #.## #.#####.#


You could see wintastic's ghost.

Vanquished Creatures
  An adder (D:2)
  2 worms
  2 dart slugs
  2 leopard geckos
  A giant cockroach (D:1)
  9 goblins
  5 hobgoblins
  7 jackals
  A ball python (D:3)
  5 bats
  2 frilled lizards
  3 kobolds
  6 rats
46 creatures vanquished.

Notes
Turn   | Place    | Note
-------+----------+-------------------------------------------
     0 | D:1      | Gigax the Octopode Monk began the quest for the Orb.
     0 | D:1      | Reached XP level 1. HP: 16/16 MP: 1/1
   319 | D:1      | Reached XP level 2. HP: 21/21 MP: 2/2
   618 | D:1      | Reached XP level 3. HP: 26/26 MP: 3/3
   990 | D:2      | Reached skill level 4 in Unarmed Combat
  1683 | D:3      | Reached XP level 4. HP: 28/31 MP: 4/4
  2075 | D:3      | Found a sacrificial altar of Ru.
  2134 | D:3      | Noticed wintastic's ghost (amateur MfSk)
  2146 | D:3      | Slain by wintastic's ghost

Vault maps used:
D:1:      mrwooster_arrival_statue_3, serial_co_window_serial,
          co_window_paths_b, co_window_of_opportunity_a, co_window_paths_a,
          co_window_paths_b, co_window_of_opportunity_a, co_window_paths_b,
          co_window_corner_a, co_window_paths_b, co_window_of_opportunity_a,
          co_window_corner_cb, co_window_cross_3, co_window_cross_3,
          co_window_corner_b, glass_columns_b, glass_columns_a, glass_columns_a
D:2:      supply_closet_lemuel
D:3:      nicolae_ru_awakened_eye

Skill      XL: |  1  2  3 |
---------------+----------+-----
Unarmed Combat | 4 |  4.5
Fighting       | |  3.0
Dodging        | |  3.5
Stealth        | |  2.6

Action                   |  1- 3 |  4- 6 || total
-------------------------+-------+-------++-------
Melee: Unarmed           |    61 |    22 ||    83
       Constrict         |    14 |     3 ||    17
       Tentacles         |    10 |     4 ||    14
       Punch             |     3 |       ||     3
  Use: Scroll            |     5 |     3 ||     8
       Potion            |       |     1 ||     1
 Stab: Sleeping          |    16 |     1 ||    17
       Distracted        |       |     1 ||     1
  Eat: Chunk             |     2 |     2 ||     4
Armor: Skin              |     5 |     1 ||     6
Dodge: Dodged            |    26 |    13 ||    39

Table legend:
 A = Spawn XP
 B = Non-spawn XP
 C = Spawn XP percentage of total XP
 D = Spawn monster count
 E = Non-spawn monster count
 F = Spawn count percentage of total count
 G = Total turns spent on level
                    A         B        C        D         E        F      G
               +---------+---------+-------+---------+---------+-------+---------
         Total |       0 |     103 |   0.0 |       0 |      46 |   0.0 |  2146
               +---------+---------+-------+---------+---------+-------+---------
           D:1 |       0 |      42 |   0.0 |       0 |      23 |   0.0 |   947
           D:2 |       0 |      34 |   0.0 |       0 |      11 |   0.0 |   658
           D:3 |       0 |      27 |   0.0 |       0 |      12 |   0.0 |   541
               +---------+---------+-------+---------+---------+-------+---------
